 Dungeon Crawl Stone Soup version 0.24.0-13-gcf9b319 (webtiles) character file.

Game seed: 11352312562850397487, levelgen mode: deterministic

32 profcatastrophe the Sneak (level 3, -3/17 HPs)
             Began as a Spriggan Enchanter on Feb 19, 2020.
             Slain by a worm (8 damage)
             ... on level 2 of the Dungeon.
             The game lasted 00:23:28 (2104 turns).

profcatastrophe the Sneak (Spriggan Enchanter)      Turns: 2104, Time: 00:23:28

Health: -3/17      AC:  2    Str:  5    XL:     3   Next: 8%
Magic:  8/8        EV: 17    Int: 16    God:
Gold:   111        SH:  0    Dex: 10    Spells: 6/7 levels left

rFire    . . .     SeeInvis +   f - +0 hunting sling
rCold    . . .     Gourm    .   (shield restricted)
rNeg     . . .     Faith    .   b - +0 robe
rPois    .         Spirit   .   (helmet restricted)
rElec    .         Reflect  .   (no cloak)
rCorr    .         Harm     .   (gloves unavailable)
MR       .....                  (boots unavailable)
Stlth    +++.......             (no amulet)
HPRegen  0.05/turn              q - -6 ring of dexterity (curse)
MPRegen  0.11/turn              (no ring)

@: very quick
A: very small, unfitting armour, see invisible, herbivore, speed 3, slow
metabolism 2
a: no special abilities


You were on level 2 of the Dungeon.
You were not hungry.

You visited 1 branch of the dungeon, and saw 2 of its levels.

You collected 111 gold pieces.

Inventory:

Hand Weapons
 a - a +1 dagger
 f - a +0 hunting sling (weapon)
 m - a +0 short sword
 o - a +0 hand axe
 r - a +0 dagger
Missiles
 c - 36 stones (quivered)
 g - 18 arrows
 j - 3 atropa-tipped darts
 v - 22 bolts
Armour
 b - a +0 robe (worn)
 e - a +0 leather armour
 n - a +0 plate armour
 t - a +0 pair of boots
 w - a +0 leather armour
Jewellery
 q - a cursed -6 ring of dexterity (left hand)
Scrolls
 h - a scroll of magic mapping {unknown}
 k - 2 scrolls of identify {unknown}
 s - a scroll of remove curse {unknown}
 u - a scroll of random uselessness {unknown}
Potions
 i - 2 potions of heal wounds {unknown}
 l - 3 potions of curing {unknown}
 p - a potion of experience {unknown}
Comestibles
 d - a ration


   Skills:
 + Level 0.5 Fighting
 + Level 1.5 Short Blades
 + Level 1.1 Slings
 + Level 3.4 Dodging
 + Level 4.9 Stealth
 + Level 2.9 Spellcasting
 + Level 3.8 Hexes


You had 6 spell levels left.
You knew the following spells:

 Your Spells              Type           Power        Failure   Level  Hunger
a - Corona                Hex            ##.....      3%          1    #......

Your spell library contained the following spells:

 Spells                   Type           Power        Failure   Level  Hunger
 Confuse                  Hex            ##......     12%         3    ###....
 Tukima's Dance           Hex            ##......     12%         3    ###....
 Ensorcelled Hibernation  Hex/Ice        #.....       13%         2    ##.....
 Dazzling Spray           Conj/Hex       #.....       26%         3    ###....


Dungeon Overview and Level Annotations

Branches:
Dungeon (2/15)

Altars:
Kikubaaqudgha


Innate Abilities, Weirdness & Mutations

You are very small and have problems with some larger weapons.
You are too small for most types of armour.
You have supernaturally acute eyesight. (SInv)
You are a herbivore.
You cover ground extremely quickly.
You need to consume almost no food.


Message History

Firing (i - inventory. (/) - cycle)
c - 39 stones (quivered)
Press: ? - help, Shift-Dir - straight line, f/p - worm
Aim: a worm (moderately wounded)
You shoot a stone. The stone hits the worm.
The worm is heavily wounded.
The worm closely misses you.
Firing (i - inventory. (/) - cycle)
c - 38 stones (quivered)
Press: ? - help, Shift-Dir - straight line, f/p - worm
Aim: a worm (heavily wounded)
You shoot a stone.
The stone hits the worm but does no damage.
The worm is heavily wounded.
The worm closely misses you.
Firing (i - inventory. (/) - cycle)
c - 37 stones (quivered)
Press: ? - help, Shift-Dir - straight line, f/p - worm
Aim: a worm (moderately wounded)
You shoot a stone. The stone hits the worm.
The worm is heavily wounded.
The worm bites you!
You die...

##### ...##########
#.#####.#........##
..................####
#######.#.######.....#
#.#)# #..##.# #.#.#
#..##†######
#####.#.####
#..##.......
........@wg#
#..#########
#####.#>##(# #..#
#>#.#...##..# #
#...#...... ###. .#...
.. ....... ## ...
.#..<.. ..... ##. .##
..# .#### .. .. ..#


You could see a worm and a hobgoblin.

Vanquished Creatures
  A ball python (D:2)
  3 giant cockroaches
  3 goblins
  3 hobgoblins
  3 jackals (D:1)
  4 bats (D:1)
  A frilled lizard (D:1)
  6 kobolds
  6 rats (D:1)
30 creatures vanquished.

Notes
Turn   | Place    | Note
-------+----------+-------------------------------------------
     0 | D:1      | profcatastrophe the Spriggan Enchanter began the quest for
                  | the Orb.
     0 | D:1      | Reached XP level 1. HP: 9/9 MP: 5/5
   673 | D:1      | Reached XP level 2. HP: 12/13 MP: 6/6
  1788 | D:2      | Found an ancient bone altar of Kikubaaqudgha.
  2034 | D:2      | Reached skill level 1 in Slings
  2034 | D:2      | Reached XP level 3. HP: 16/17 MP: 8/8
  2104 | D:2      | Slain by a worm

Levels and vault maps discovered:
D:1:      dpeg_arrival_court, layout_basic, minmay_tree_intersection
D:2:      layout_loops_ring, lemuel_doored_altar,
          nicolae_qazlal_general_emergency

Skill      XL: |  1  2 |
---------------+-------+-----
Slings         | 1 |  1.1
Fighting       | |  0.5
Short Blades   | |  1.5
Dodging        | |  3.4
Stealth        | |  4.9
Spellcasting   | |  2.9
Hexes          | |  3.8

Action                   || total
-------------------------++-------
Melee: Dagger            ||    67
 Fire: Hunting sling     ||    84
 Stab: Sleeping          ||     4
  Eat: Ration            ||     1
Armor: Robe              ||     8
Dodge: Dodged            ||    96
